 Dungeon Sprint DCSS version 0.26-a0-652-gafc20e3620 (webtiles) character file.

Game seed: 18379335912998654306

101204 Conn the Sorcerer (level 15, -17/92 HPs)
             Began as an Octopode Hedge Wizard on Oct 4, 2020.
             Was the Champion of Sif Muna.
             Demolished by Mennas
             ... wielding a +0 eudemon blade of holy wrath
              (19 damage)
             ... in the Dungeon (Sprint III: "The Ten Rune Challenge") on Oct 5, 2020.
             The game lasted 01:55:56 (10259 turns).

Conn the Sorcerer (Octopode Hedge Wizard)          Turns: 10259, Time: 01:55:56

Health: -17/92     AC:  3    Str: 17    XL:     15   Next: 42%
Magic:  28/43      EV: 19    Int: 27    God:    Sif Muna [******]
Gold:   169        SH:  5    Dex: 12    Spells: 10/62 levels left

rFire    + . .     SeeInvis +   D - +0 staff of Battle
rCold    + + .     Faith    .   (no shield)
rNeg     + . .     Spirit   .   k - +2 hat
rPois    +         Reflect  +   N - amulet of reflection
rElec    +         Harm     .   u - ring of flight
rCorr    +         Rampage  .   B - ring "Deat" {rN+ EV+4}
MR       +....     NoTele   +   C - ring of protection from cold
Stlth    +++.......             w - ring of see invisible
HPRegen  0.25/turn              b - +6 ring of strength
MPRegen  0.28/turn              q - ring of poison resistance
                                O - +6 ring of intelligence
                                P - ring of wizardry

@: resistant, hasted, glowing, silenced, very quick
A: almost no armour, stealthy swim, amphibious, 8 rings, constrict 8, fangs 1,
camouflage 1, gelatinous body 1, MP-powered wands
}: 2/10 runes: decaying, barnacled
a: Renounce Religion, Evoke Flight


You were in the Dungeon.
You worshipped Sif Muna.
Sif Muna was exalted by your worship.
You visited 1 branch You collected 3610 gold pieces.
You spent 3441 gold pieces at shops.

Inventory:

Hand Weapons
 a - a +0 dagger
 s - a +3 quarterstaff of chaos
 v - the +8 falchion "Issajoih" {venom, *Corrode rN++ Str+5}
   (You found it in the Dungeon)

   It poisons the flesh of those it strikes.
   It affects your strength (+5).
   It greatly protects you from negative energy.
   It may corrode you when you take damage.
 z - the +9 staff of Wucad Mu {channel}
   (You took it off a deep elf demonologist in the Dungeon)
 D - the +0 staff of Battle (weapon)
   (You found it in the Dungeon)
 E - a +0 longbow
Missiles
 L - 7 curare-tipped darts (quivered)
Armour
 k - a +2 hat (worn)
Magical Staves
 F - an uncursed staff of air
 G - an uncursed staff of air
 H - an uncursed staff of conjuration
 J - a cursed staff of cold
Jewellery
 b - a +6 ring of strength (on tentacle)
 q - a ring of poison resistance (on tentacle)
 u - a ring of flight (left tentacle)
 w - a ring of see invisible (on tentacle)
 y - an uncursed amulet of magic regeneration
 B - the ring "Deat" (right tentacle) {rN+ EV+4}
   (You found it in the Dungeon)

   [ring of evasion]

   It affects your evasion (+4).
   It protects you from negative energy.
 C - a ring of protection from cold (on tentacle)
 N - an amulet of reflection (around mantle)
 O - a +6 ring of intelligence (on tentacle)
 P - a ring of wizardry (on tentacle)
Wands
 h - a wand of disintegration (12)
 A - a wand of flame (18)
 K - a wand of iceblast (12)
Scrolls
 e - 2 scrolls of remove curse
 l - 2 scrolls of identify
 p - a scroll of magic mapping {unknown}
 x - a scroll of amnesia
Potions
 c - 2 potions of lignification
 d - 2 potions of heal wounds
 f - a potion of haste
 g - 4 potions of magic
 i - 2 potions of brilliance {unknown}
 j - 2 potions of mutation
 m - a potion of might
 n - 2 potions of degeneration {unknown}
 o - a potion of resistance
 r - a potion of flight {unknown}
Miscellaneous
 t - a phial of floods


   Skills:
 + Level 5.5 Fighting
 + Level 3.6 Short Blades
 + Level 6.9 Staves
 + Level 4.8 Dodging
 - Level 11.7 Stealth
 * Level 24.0 Spellcasting
 * Level 19.8 Conjurations
 + Level 5.0 Hexes
 + Level 10.7 Summonings
 + Level 2.4 Necromancy
 + Level 6.2 Translocations
 * Level 15.8 Fire Magic
 - Level 7.0 Air Magic
 - Level 5.0 Poison Magic
 - Level 6.0 Invocations
 + Level 2.1 Evocations


You had 10 spell levels left.
You knew the following spells:

 Your Spells              Type           Power        Failure   Level
a - Magic Dart            Conj           ####         0%          1
b - Blink                 Tloc           N/A          1%          2
c - Call Imp              Summ           ######..     0%          2
d - Orb of Destruction    Conj           ########..   1%          7
e - Mephitic Cloud        Conj/Pois/Air  #######.     1%          3
f - Dispersal             Tloc           ######....   4%          6
g - Apportation           Tloc           ######       1%          1
h - Animate Skeleton      Necr           #####.       1%          1
i - Corona                Hex            ######.      1%          1
j - Airstrike             Air            ######....   1%          4
m - Fireball              Conj/Fire      ########..   0%          5
n - Iskenderun's Mystic   Conj/Tloc      ########     1%          4
o - Spellforged Servitor  Conj/Summ      ########..   1%          7
p - Ignition              Fire           #######...   4%          8

Your spell library contained the following spells:

 Spells                   Type           Power        Failure   Level
 Foxfire                  Conj/Fire      ####         0%          1
 Shock                    Conj/Air       ####         0%          1
 Summon Small Mammal      Summ           ####         0%          1
 Searing Ray              Conj           ######       0%          2
 Conjure Flame            Conj/Fire      ########     0%          3
 Dazzling Flash           Conj/Hex       ######       0%          3
 Static Discharge         Conj/Air       ########     0%          3
 Sticky Flame             Conj/Fire      ########     0%          4
 Iskenderun's Battlesphe  Conj           ########     0%          5
 Sandblast                Erth           ####..       1%          1
 Sting                    Tmut/Pois      ####         1%          1
 Corpse Rot               Necr/Air       N/A          1%          2
 Ensorcelled Hibernation  Hex/Ice        #####.       1%          2
 Poisonous Vapours        Pois/Air       ######       1%          2
 Slow                     Hex            ######..     1%          2
 Swiftness                Air            ######..     1%          2
 Call Canine Familiar     Summ           ######..     1%          3
 Confusing Touch          Hex            ######..     1%          3
 Gell's Gravitas          Tloc           ######....   1%          3
 Ignite Poison            Fire/Tmut/Pois ######..     1%          3
 Inner Flame              Hex/Fire       ######..     1%          3
 Portal Projectile        Hex/Tloc       ######       1%          3
 Stone Arrow              Conj/Erth      ######       1%          3
 Summon Guardian Golem    Hex/Summ       ######..     1%          3
 Tukima's Dance           Hex            ######..     1%          3
 Animate Dead             Necr           #####.....   1%          4
 Cause Fear               Hex            ######....   1%          4
 Fulminant Prism          Conj/Hex       #######...   1%          4
 Hailstorm                Conj/Ice       #######.     1%          4
 Leda's Liquefaction      Hex/Erth       #####.....   1%          4
 Summon Ice Beast         Ice/Summ       ######..     1%          4
 Summon Lightning Spire   Summ/Air       ######..     1%          4
 Bolt of Magma            Conj/Fire/Erth #######...   1%          5
 Irradiate                Conj/Tmut      #######...   1%          5
 Lightning Bolt           Conj/Air       ########..   1%          5
 Silence                  Hex/Air        ######....   1%          5
 Summon Demon             Summ           ######....   1%          5
 Summon Forest            Summ/Tloc      ######....   1%          5
 Summon Mana Viper        Hex/Summ       ######..     1%          5
 Conjure Ball Lightning   Conj/Air       ########..   1%          6
 Freezing Cloud           Conj/Ice/Air   #######...   1%          6
 Iron Shot                Conj/Erth      #######...   1%          6
 Shadow Creatures         Summ           N/A          1%          6
 Starburst                Conj/Fire      ########..   1%          6
 Alistair's Intoxication  Tmut/Pois      #####....    4%          5
 Yara's Violent Unravell  Hex/Tmut       #####.....   4%          5
 Monstrous Menagerie      Summ           ######....   4%          7
 Summon Greater Demon     Summ           ######....   4%          7
 Summon Hydra             Summ           ######....   4%          7
 Borgnjor's Vile Clutch   Necr/Erth      #####.....   7%          5
 Invisibility             Hex            ######..     9%          6
 Malign Gateway           Summ/Tloc      ######....   11%         7
 Chain Lightning          Conj/Air       ########..   11%         8
 Lee's Rapid Deconstruct  Erth           ####......   12%         5
 Death Channel            Necr           #####.....   22%         6
 Eringya's Noxious Bog    Tmut/Pois      #####.....   22%         6
 Haunt                    Necr/Summ      ######....   22%         7
 Fire Storm               Conj/Fire      ########..   26%         9
 Summon Horrible Things   Summ           ######....   32%         8
 Simulacrum               Ice/Necr       #####.....   34%         6
 Lehudib's Crystal Spear  Conj/Erth      #######...   41%         8
 Statue Form              Tmut/Erth      ####.....    50%         6
 Disjunction              Tloc           ######....   87%         8
 Dragon's Call            Summ           ######....   99%         9
 Necromutation            Tmut/Necr      #####.....   100%        8
 Death's Door             Necr           #####.....   100%        9
 Shatter                  Erth           ####......   100%        9
 Tornado                  Air            ######....   100%        9


Dungeon Overview and Level Annotations

Branches:
Dungeon (1/1)

Altars:
Cheibriados
Dithmenos
Elyvilon
Fedhas
Gozag
Hepliaklqana
Kikubaaqudgha
Makhleb
Nemelex Xobeh
Okawaru
Qazlal
Ru
Sif Muna
Trog
Uskayaw
Vehumet
Wu Jian
Xom
Yredelemnul
Zin
The Shining One
Beogh
Jiyva
Lugonu

Shops:
D :!((}!:[!}[!(:!:?[}[:!=

Annotations:
D exclusion: statue, Mennas


Innate Abilities, Weirdness & Mutations

You cannot wear most types of armour.
You are very stealthy in the water. (Stealth+)
You are amphibious.
You can wear up to eight rings at the same time.
You can use your tentacles to constrict eight enemies at once.
Your skin changes colour to match your surroundings (Stealth+).
Your rubbery body absorbs attacks. (AC +1, EV +1)
You have very sharp teeth.
You expend magic power (3 MP) to strengthen your wands.


Message History

* * * LOW HITPOINT WARNING * * *
You feel much better.
The pristine statue shoots a silver bolt.
The silver bolt barely misses you. Mennas closely misses you.
Mennas hits you with a +0 eudemon blade of holy wrath!
* * * LOW HITPOINT WARNING * * *
You feel much better. Mennas gestures at you. Mennas closely misses you.
Mennas barely misses you.
You cannot cast spells when silenced!
Okay, then.
The pristine statue shoots a silver bolt.
The silver bolt hits you! The silver sears you!
* * * LOW HITPOINT WARNING * * *
You see here 3 silver bolts.
You close the large door, pushing everything out of the way.
Mennas hits you with a +0 eudemon blade of holy wrath!!
* * * LOW HITPOINT WARNING * * *
Mennas hits you with a +0 eudemon blade of holy wrath!!
You die...

##(..## # #≈....
##.....## #.....
#.......## #.....
+.......'. #.....
#....)..## #≈....
##.....##^ 8≈...
##..(###^ #++####
##'####. +.(@A.#
####.≈(≈'#^ #####(#
+∩∩#.≈≈.#.^ ##.##
#∩∩#.≈≈.###
###...###..#..≈.#..
+...:...+..'..≈≈)..
###.*.###..#≈≈≈.#..
##.##∩#..#.)..#..
########.#..#..####'###
#......#'#'##.(#.#.#.#.


You could see Mennas (silencing).

Vanquished Creatures
  Mara (D)
  Rupert (D)
  A deep elf blademaster (D)
  Polyphemus (D)
  Gastronok (D)
  Harold (D)
  Roxanne (D)
  A storm dragon (D)
  4 azure jellies (D)
  Ilsuiw (D)
  2 deep elf demonologists (D)
  A vampire knight (D)
  2 deep elf annihilators (D)
  2 dire elephants (D)
  A merfolk javelineer (D)
  A mummy priest (D)
  A deep elf death mage (D)
  A deep elf high priest (D)
  A yaktaur captain (D)
  3 hydras (D)
  3 death yaks (D)
  An orc high priest (D)
  Urug (D)
  A deep elf knight (D)
  2 skeletal warriors (D)
  A shadow wraith (D)
  A spriggan druid (D)
  A spectral hydra (D)
  3 death drakes (D)
  A sea snake (D)
  A lindwurm (D)
  An obsidian statue (D)
  Joseph (D)
  3 orc sorcerers (D)
  5 deep elf magi (D)
  4 crystal guardians (D)
  2 oklob plants (D)
  2 black mambas (D)
  2 elephants (D)
  An iron troll simulacrum (D)
  3 statues (D)
  2 cane toads (D)
  A rime drake (D)
  A komodo dragon (D)
  2 yaktaurs (D)
  3 wandering mushrooms (D)
  A queen bee (D)
  3 hornets (D)
  2 tyrant leeches (D)
  8 blink frogs (D)
  2 slime creatures (D)
  A shadow (D)
  5 redbacks (D)
  2 spriggans (D)
  A spatial vortex (D)
  A swamp drake (D)
  A necrophage (D)
  A fire dragon simulacrum (D)
  4 swamp dragon skeletons (D)
  3 two-headed ogres (D)
  24 killer bees (D)
  4 electric eels (D)
  Crazy Yiuf (D)
  3 orc priests (D)
  A jelly (D)
  2 orc wizards (D)
  Jessica (D)
  A wizard (D)
  A necromancer (D)
  3 polar bear simulacra (D)
  3 humans (D)
  A kobold demonologist (D)
  3 ball lightnings (D)
  7 orcs (D)
  3 rats (D)
  2 ballistomycete spores (D)
  A fulminant prism (D)
173 creatures vanquished.

Vanquished Creatures (collateral kills)
  Nikola (D)
  A deep elf blademaster (D)
  An Executioner (D)
  A vampire knight (D)
  A yellow draconian (D)
  Erolcha (D)
  A vault guard (D)
  A death yak (D)
  A deep elf knight (D)
  A glowing orange brain (D)
  A deep elf mage (D)
  2 orc knights (D)
  A shining eye (D)
  2 slime creatures (D)
  A molten gargoyle (D)
  2 two-headed ogres (D)
  A yaktaur (D)
  3 dream sheep (D)
  A golden eye (D)
  A floating eye (D)
  A water elemental (D)
  8 killer bees (D)
  An orc (D)
  A rat (D)
36 creatures vanquished.

Vanquished Creatures (others)
  Nessos (D)
  A sea snake (D)
  A yaktaur (D)
  A statue (D)
  2 orc high priests (D)
  An electric eel (D)
  2 orc priests (D)
  3 ballistomycete spores (D)
  23 fulminant prisms (D)
  41 plants (D)
76 creatures vanquished.

Grand Total: 285 creatures vanquished

Notes
Turn   | Place    | Note
-------+----------+-------------------------------------------
     0 | D        | Conn the Octopode Hedge Wizard began the quest for the Orb.
     0 | D        | Reached XP level 1. HP: 11/11 MP: 4/4
    19 | D        | Noticed Jessica
    24 | D        | Killed Jessica
    24 | D        | Reached skill level 5 in Spellcasting
    24 | D        | Reached XP level 2. HP: 15/17 MP: 5/8
    24 | D        | Reached XP level 3. HP: 18/21 MP: 6/10
    33 | D        | Learned a level 2 spell: Blink
    36 | D        | Learned a level 2 spell: Call Imp
    40 | D        | Learned a level 3 spell: Conjure Flame
    44 | D        | Learned a level 3 spell: Mephitic Cloud
    76 | D        | Reached skill level 1 in Short Blades
    80 | D        | Noticed Crazy Yiuf
   100 | D        | Killed Crazy Yiuf
   100 | D        | Reached skill level 6 in Spellcasting
   100 | D        | Reached skill level 1 in Fire Magic
   100 | D        | Reached skill level 1 in Air Magic
   100 | D        | Reached skill level 1 in Poison Magic
   100 | D        | Reached XP level 4. HP: 7/27 MP: 2/12
   104 | D        | Learned a level 2 spell: Slow
   347 | D        | Noticed a water elemental
   358 | D        | Killed a water elemental
   365 | D        | Found a radiant altar of Vehumet.
   365 | D        | Found a shimmering blue altar of Sif Muna.
   365 | D        | Found an ancient bone altar of Kikubaaqudgha.
   365 | D        | Noticed a wizard
   367 | D        | Killed a wizard
   367 | D        | Reached skill level 7 in Spellcasting
   367 | D        | Reached XP level 5. HP: 32/32 MP: 1/14
   373 | D        | Became a worshipper of Sif Muna the Loreminder
   461 | D        | Learned a level 1 spell: Apportation
   463 | D        | Learned a level 1 spell: Animate Skeleton
   479 | D        | Found a glowing silver altar of Zin.
   479 | D        | Found a glowing golden altar of the Shining One.
   479 | D        | Found a white marble altar of Elyvilon.
   515 | D        | Found a hide-covered altar of Uskayaw.
   515 | D        | Found a roughly hewn altar of Beogh.
   515 | D        | Found an iron altar of Okawaru.
   515 | D        | Found a bloodstained altar of Trog.
   515 | D        | Found an ornate altar of the Wu Jian Council.
   515 | D        | Noticed a human
   515 | D        | Noticed a human
   529 | D        | Gained mutation: You expend magic power (3 MP) to
                  | strengthen your wands. [potion of mutation]
   529 | D        | Gained mutation: You have very sharp teeth. [potion of
                  | mutation]
   537 | D        | Killed a human
   537 | D        | Reached skill level 1 in Fighting
   537 | D        | Reached skill level 5 in Stealth
   537 | D        | Reached skill level 8 in Spellcasting
   537 | D        | Reached XP level 6. HP: 6/38 MP: 1/17
   538 | D        | HP: 1/57 [human (6)]
   540 | D        | Killed a human
   829 | D        | Noticed a deep elf mage
   841 | D        | Killed a deep elf mage
   841 | D        | Reached skill level 9 in Spellcasting
   841 | D        | Reached skill level 5 in Fire Magic
   841 | D        | Reached skill level 5 in Poison Magic
   841 | D        | Reached XP level 7. HP: 30/45 MP: 10/20
   869 | D        | Found a basalt altar of Yredelemnul.
   869 | D        | Found a shadowy altar of Dithmenos.
   869 | D        | Found a sacrificial altar of Ru.
   871 | D        | Reached * piety under Sif Muna
   871 | D        | Reached skill level 10 in Spellcasting
   872 | D        | Reached skill level 5 in Conjurations
   872 | D        | Reached XP level 8. HP: 39/50 MP: 14/22
   897 | D        | Noticed a shadow
   965 | D        | Killed a shadow
   965 | D        | Reached ** piety under Sif Muna
   965 | D        | Reached skill level 1 in Hexes
  1133 | D        | Found a blossoming altar of Fedhas.
  1133 | D        | Found a stormy altar of Qazlal.
  1134 | D        | Found a snail-covered altar of Cheibriados.
  1134 | D        | Found a burning altar of Makhleb.
  1134 | D        | Found a hazy altar of Hepliaklqana.
  1134 | D        | Found a shimmering altar of Xom.
  1134 | D        | Found an opulent altar of Gozag.
  1134 | D        | Found a sparkling altar of Nemelex Xobeh.
  1134 | D        | Found a corrupted altar of Lugonu.
  1134 | D        | Found a viscous altar of Jiyva.
  1314 | D        | Learned a level 1 spell: Corona
  1386 | D        | Reached *** piety under Sif Muna
  1485 | D        | Noticed an orc high priest
  1500 | D        | Killed an orc high priest
  1500 | D        | Reached skill level 11 in Spellcasting
  1500 | D        | Reached skill level 1 in Necromancy
  1500 | D        | Reached skill level 5 in Air Magic
  1500 | D        | Reached XP level 9. HP: 55/55 MP: 14/24
  1501 | D        | Reached **** piety under Sif Muna
  1501 | D        | Reached skill level 1 in Staves
  1503 | D        | Noticed an orc sorcerer
  1507 | D        | Noticed an orc sorcerer
  1513 | D        | Killed an orc sorcerer
  1513 | D        | Reached ***** piety under Sif Muna
  1514 | D        | Received a gift from Sif Muna
  1515 | D        | Noticed an orc knight
  1518 | D        | Killed an orc sorcerer
  1518 | D        | Reached skill level 12 in Spellcasting
  1524 | D        | Noticed a sea snake
  1524 | D        | an orc knight changed into a sea snake
  1532 | D        | Killed a sea snake
  1547 | D        | Killed an orc sorcerer
  1547 | D        | Reached XP level 10. HP: 29/63 MP: 2/26
  1722 | D        | Learned a level 4 spell: Summon Lightning Spire
  1735 | D        | Found Yboust's Antique Weapon Boutique.
  1739 | D        | Found a roughly hewn altar of Beogh.
  1781 | D        | Noticed a deep elf mage
  1781 | D        | Noticed a deep elf mage
  1781 | D        | Noticed a deep elf mage
  1781 | D        | Noticed a deep elf mage
  1781 | D        | Noticed a deep elf mage
  1824 | D        | Killed a deep elf mage
  1824 | D        | Identified Sif Muna's Papyrus of Destructive Hexes (Sif
                  | Muna gifted it to you in the Dungeon)
  1824 | D        | Received a gift from Sif Muna
  1824 | D        | Reached skill level 5 in Staves
  1831 | D        | Killed a deep elf mage
  1836 | D        | Killed a deep elf mage
  1836 | D        | Reached skill level 10 in Stealth
  1843 | D        | Killed a deep elf mage
  1843 | D        | Reached skill level 13 in Spellcasting
  1868 | D        | Killed a deep elf mage
  2008 | D        | Learned a level 4 spell: Fulminant Prism
  2015 | D        | Noticed a deep elf demonologist
  2017 | D        | Noticed a deep elf death mage
  2030 | D        | Killed a deep elf demonologist
  2030 | D        | Reached skill level 5 in Fighting
  2032 | D        | Noticed a deep elf blademaster
  2052 | D        | Noticed a deep elf annihilator
  2148 | D        | Noticed a deep elf annihilator
  2148 | D        | Noticed a deep elf demonologist
  2258 | D        | Killed a deep elf annihilator
  2258 | D        | Reached skill level 10 in Conjurations
  2258 | D        | Reached XP level 11. HP: 71/71 MP: 9/28
  2265 | D        | Identified the +7 broad axe "Biezxaze" {venom, *Corrode rN+
                  | Dex+5}
  2265 | D        | Noticed a deep elf high priest
  2410 | D        | Killed a deep elf blademaster
  2410 | D        | Reached skill level 14 in Spellcasting
  2410 | D        | Reached skill level 10 in Fire Magic
  2410 | D        | Killed a deep elf annihilator
  2410 | D        | Identified Caseviul's Incunabulum of Twisted Companions
                  | (Sif Muna gifted it to you in the Dungeon)
  2410 | D        | Received a gift from Sif Muna
  2410 | D        | Killed a deep elf death mage
  2529 | D        | Killed a deep elf demonologist
  2529 | D        | Reached skill level 15 in Spellcasting
  2580 | D        | Killed a deep elf high priest
  2580 | D        | Reached skill level 5 in Summonings
  2608 | D        | Found the +0 staff of Battle
  2613 | D        | Got a vibrating silver ring
  2619 | D        | Identified the ring "Deat" {rN+ EV+4} (You found it in the
                  | Dungeon)
  2811 | D        | Noticed Erolcha
  2891 | D        | Paralysed by Erolcha for 4 turns
  2908 | D        | Killed Erolcha
  3080 | D        | Learned a level 3 spell: Summon Guardian Golem
  3083 | D        | Reached ****** piety under Sif Muna
  3083 | D        | Identified Xothrejedgh's Incunabulum of Fire (Sif Muna
                  | gifted it to you in the Dungeon)
  3083 | D        | Received a gift from Sif Muna
  3320 | D        | Learned a level 5 spell: Fireball
  3339 | D        | Reached XP level 12. HP: 77/77 MP: 24/31
  3342 | D        | Reached skill level 5 in Translocations
  3344 | D        | Identified Sif Muna's Volume of Igneous Flight (Sif Muna
                  | gifted it to you in the Dungeon)
  3344 | D        | Received a gift from Sif Muna
  3351 | D        | Reached skill level 16 in Spellcasting
  3352 | D        | Identified Afaen's Disquisition on Enchantment and the
                  | Birds (Sif Muna gifted it to you in the Dungeon)
  3352 | D        | Received a gift from Sif Muna
  3364 | D        | Identified Sif Muna's Volume of Torrid Poison (Sif Muna
                  | gifted it to you in the Dungeon)
  3364 | D        | Received a gift from Sif Muna
  3536 | D        | Identified Sif Muna's Grimoire of Damaging Bewitchment (Sif
                  | Muna gifted it to you in the Dungeon)
  3536 | D        | Received a gift from Sif Muna
  3543 | D        | Learned a level 4 spell: Iskenderun's Mystic Blast
  3551 | D        | Learned a level 7 spell: Spellforged Servitor
  3813 | D        | Identified Sif Muna's Volume of Excruciating Companions
                  | (Sif Muna gifted it to you in the Dungeon)
  3813 | D        | Received a gift from Sif Muna
  3840 | D        | Reached skill level 17 in Spellcasting
  3841 | D        | Noticed a dire elephant
  3850 | D        | Killed a dire elephant
  3853 | D        | Noticed a dire elephant
  3853 | D        | Noticed Gastronok
  3878 | D        | Killed a dire elephant
  3881 | D        | Identified Regy's Catalogue of Harmful Feathers (Sif Muna
                  | gifted it to you in the Dungeon)
  3881 | D        | Received a gift from Sif Muna
  3991 | D        | Learned a level 7 spell: Orb of Destruction
  4004 | D        | Noticed Urug
  4038 | D        | Killed Urug
  4137 | D        | Noticed a death yak
  4137 | D        | Noticed a death yak
  4138 | D        | Noticed a death yak
  4140 | D        | Noticed a death yak
  4140 | D        | Identified Ytiopsa's Grimoire of the Birds and Summoning
                  | (Sif Muna gifted it to you in the Dungeon)
  4140 | D        | Received a gift from Sif Muna
  4141 | D        | Killed a death yak
  4141 | D        | Reached skill level 18 in Spellcasting
  4143 | D        | Killed a death yak
  4143 | D        | Reached XP level 13. HP: 82/82 MP: 16/35
  4298 | D        | Learned a level 4 spell: Airstrike
  4304 | D        | Noticed an azure jelly
  4304 | D        | Noticed an azure jelly
  4325 | D        | Identified Sif Muna's Papyrus of Earthen Confrontation (Sif
                  | Muna gifted it to you in the Dungeon)
  4325 | D        | Received a gift from Sif Muna
  4327 | D        | Killed Gastronok
  4345 | D        | Noticed Rupert
  4352 | D        | Killed Rupert
  4352 | D        | Reached skill level 19 in Spellcasting
  4418 | D        | Noticed an azure jelly
  4418 | D        | Noticed an azure jelly
  4434 | D        | Killed an azure jelly
  4434 | D        | Killed an azure jelly
  4441 | D        | Killed an azure jelly
  4441 | D        | Reached skill level 15 in Conjurations
  4456 | D        | Killed an azure jelly
  4456 | D        | Reached skill level 5 in Invocations
  4530 | D        | Identified Sif Muna's Handbook of Bewitchment (Sif Muna
                  | gifted it to you in the Dungeon)
  4530 | D        | Received a gift from Sif Muna
  4534 | D        | Reached skill level 20 in Spellcasting
  4873 | D        | Found a blossoming altar of Fedhas.
  4949 | D        | Identified Sif Muna's Volume of Flying Confrontation (Sif
                  | Muna gifted it to you in the Dungeon)
  4949 | D        | Received a gift from Sif Muna
  4950 | D        | Reached skill level 5 in Hexes
  5301 | D        | Reached skill level 10 in Summonings
  5301 | D        | Reached XP level 14. HP: 36/86 MP: 23/38
  5301 | D        | Identified Sif Muna's Compendium of Creative Clay (Sif Muna
                  | gifted it to you in the Dungeon)
  5301 | D        | Received a gift from Sif Muna
  5639 | D        | Found Neqeimy's Book Shoppe.
  5674 | D        | Found Qorches's Distillery.
  5674 | D        | Found Cidasi's Antique Weapon Emporium.
  5681 | D        | Got a decaying rune of Zot
  5707 | D        | Bought a potion of magic for 112 gold pieces
  5707 | D        | Bought a potion of resistance for 140 gold pieces
  5707 | D        | Bought a potion of heal wounds for 70 gold pieces
  5707 | D        | Bought a potion of heal wounds for 70 gold pieces
  5708 | D        | Bought a book of the Warp for 990 gold pieces
  6096 | D        | Got a warped falchion
  6307 | D        | Identified the +8 falchion "Issajoih" {venom, *Corrode rN++
                  | Str+5} (You found it in the Dungeon)
  6345 | D        | Noticed Harold
  6347 | D        | Noticed Joseph
  6351 | D        | Killed Harold
  6358 | D        | Killed Joseph
  6592 | D        | Noticed Polyphemus
  6604 | D        | Identified Sif Muna's Papyrus of the Entourage (Sif Muna
                  | gifted it to you in the Dungeon)
  6604 | D        | Received a gift from Sif Muna
  6609 | D        | Reached skill level 21 in Spellcasting
  6616 | D        | Killed Polyphemus
  6866 | D        | Noticed Ilsuiw
  6873 | D        | Killed Ilsuiw
  7032 | D        | Found Ovunen's Distillery.
  7033 | D        | Found Peoghoxe's Book Shop.
  7035 | D        | Found Jewna's Antique Armour Shoppe.
  7044 | D        | Got a barnacled rune of Zot
  7058 | D        | Bought a potion of magic for 80 gold pieces
  7058 | D        | Bought a potion of curing for 30 gold pieces
  7058 | D        | Bought a potion of heal wounds for 50 gold pieces
  7088 | D        | Learned a level 8 spell: Ignition
  7312 | D        | Received a gift from Sif Muna
  7359 | D        | Found Kablaz's Antique Armour Shop.
  7359 | D        | Found Wyckixig's Antique Armour Emporium.
  7359 | D        | Found Gusyned's Book Boutique.
  7359 | D        | Found Epraus's Gadget Emporium.
  7359 | D        | Found Xurobb's Magic Scroll Boutique.
  7359 | D        | Found Anusuos's Distillery.
  7359 | D        | Found Uxout's Book Shop.
  7359 | D        | Found Paciss's Antique Weapon Emporium.
  7360 | D        | Found Laekitam's Jewellery Shoppe.
  7360 | D        | Found Pech's Distillery.
  7360 | D        | Found Furhaaneal's Book Emporium.
  7388 | D        | Bought a potion of heal wounds for 60 gold pieces
  7388 | D        | Bought a potion of haste for 120 gold pieces
  7388 | D        | Bought a potion of heal wounds for 60 gold pieces
  7398 | D        | Bought an uncursed amulet of reflection for 420 gold pieces
  7398 | D        | Bought a +6 ring of intelligence for 819 gold pieces
  7398 | D        | Bought an uncursed ring of wizardry for 420 gold pieces
  7614 | D        | Learned a level 6 spell: Dispersal
  7625 | D        | Reached skill level 22 in Spellcasting
  7841 | D        | Identified Sif Muna's Grimoire of Arcane Weapons (Sif Muna
                  | gifted it to you in the Dungeon)
  7841 | D        | Received a gift from Sif Muna
  8136 | D        | Identified Sif Muna's Almanac of Evil Arcane Weapons (Sif
                  | Muna gifted it to you in the Dungeon)
  8136 | D        | Received a gift from Sif Muna
  8165 | D        | Noticed a storm dragon
  8172 | D        | Killed a storm dragon
  8172 | D        | Reached skill level 1 in Evocations
  8249 | D        | Noticed Mara
  8252 | D        | Killed Mara
  8252 | D        | Reached skill level 23 in Spellcasting
  8252 | D        | Reached skill level 15 in Fire Magic
  8257 | D        | Noticed a vampire knight
  8258 | D        | Noticed a vampire knight
  8262 | D        | Killed a vampire knight
  8262 | D        | Reached XP level 15. HP: 74/87 MP: 2/42
  8262 | D        | Identified Sif Muna's Volume of Supportive Confrontation
                  | (Sif Muna gifted it to you in the Dungeon)
  8262 | D        | Received a gift from Sif Muna
  8471 | D        | Noticed Nikola
  8484 | D        | Killed Nikola
  8574 | D        | Found Ydyiqoynk's Gadget Shop.
  8575 | D        | Found Nuhilevi's Distillery.
  8575 | D        | Found Viameuc's Distillery.
  8577 | D        | Found Vyatsev's Armour Shop.
  8866 | D        | Found Xaonow's Gadget Boutique.
  8947 | D        | Identified Sif Muna's Reference Book on Supportive Clay
                  | (Sif Muna gifted it to you in the Dungeon)
  8947 | D        | Received a gift from Sif Muna
  9032 | D        | Noticed Roxanne
  9040 | D        | Killed Roxanne
  9182 | D        | Noticed an Executioner
  9184 | D        | Killed an Executioner
  9386 | D        | Noticed Nessos
  9392 | D        | Killed Nessos
  9394 | D        | Identified Qywe Zing's Handbook of Execration (Sif Muna
                  | gifted it to you in the Dungeon)
  9394 | D        | Received a gift from Sif Muna
  9984 | D        | Noticed a deep elf blademaster
 10005 | D        | Killed a deep elf blademaster
 10005 | D        | Reached skill level 24 in Spellcasting
 10240 | D        | Noticed Mennas
 10259 | D        | HP: 2/92 [Mennas/+0 eudemon blade of holy wrath (26)]
 10259 | D        | Demolished by Mennas

Illustrated notes

Levels and vault maps discovered:
D:        dungeon_sprint_mu [sprint_mu_entry_forest, sprint_mu_temple_rooms,
          sprint_mu_d1_spiders, sprint_mu_d2_genie, sprint_mu_d3_branching,
          sprint_mu_orc_legion, sprint_mu_elf_gauntlet, sprint_mu_hive_nellie,
          sprint_mu_lair_fedhas, sprint_mu_vaults_butterflies,
          sprint_mu_slime_circle, sprint_mu_swamp_cave, sprint_mu_shoals_archi,
          sprint_mu_blade_basic, sprint_mu_crypt_fortress,
          sprint_mu_tomb_spiral, sprint_mu_vestibule_basic,
          sprint_mu_gehenna_hellfire, sprint_mu_dis_giant,
          sprint_mu_tartarus_statrot, sprint_mu_cocytus_islands, sprint_mu_zot1]

Skill      XL: |  1  2  3  4  5  6  7  8  9 10 11 12 13 14 15 |
---------------+----------------------------------------------+-----
Stealth        | 3 4 5 6 7 9 11 | 11.7
Spellcasting   | 5 6 7 8 9 10 11 12 13 15 18 20 23 24 | 24.0
Short Blades   | 1 2 3 |  3.6
Fire Magic     | 1 3 5 6 8 9 10 12 13 15 | 15.8
Air Magic      | 1 2 3 4 5 6 7 |  7.0
Poison Magic   | 1 2 4 5 |  5.0
Conjurations   | 2 3 4 5 6 8 10 12 14 15 18 19 | 19.8
Translocations | 2 3 4 5 6 |  6.2
Fighting       | 1 2 3 5 |  5.5
Summonings     | 2 3 4 5 7 10 | 10.7
Dodging        | 3 4 |  4.8
Hexes          | 1 2 4 5 |  5.0
Necromancy     | 1 2 |  2.4
Staves         | 4 6 |  6.9
Invocations    | 6 |  6.0
Evocations     | 1 2 |  2.1

Action                   |  1- 3 |  4- 6 |  7- 9 | 10-12 | 13-15 || total
-------------------------+-------+-------+-------+-------+-------++-------
Melee: Dagger            |    14 |    11 |     5 |       |       ||    30
       Constrict         |     5 |     2 |     7 |     6 |     3 ||    23
       Tentacles         |     3 |       |     4 |     4 |     6 ||    17
       Bite              |       |     2 |     1 |     1 |     5 ||     9
       Quarterstaff      |       |       |    27 |    13 |       ||    40
       Staff             |       |       |       |    11 |    19 ||    30
 Cast: Magic Dart        |     2 |     4 |    27 |    92 |    67 ||   192
       Blink             |     1 |     4 |     5 |     3 |     2 ||    15
       Mephitic Cloud    |     1 |     4 |    12 |    40 |    15 ||    72
       Call Imp          |       |     6 |     5 |     1 |       ||    12
       Slow              |       |     1 |     1 |     2 |       ||     4
       Animate Skeleton  |       |       |     3 |     2 |     1 ||     6
       Conjure Flame     |       |       |     2 |       |       ||     2
       Fulminant Prism   |       |       |       |    24 |       ||    24
       Summon Lightning  |       |       |       |     8 |       ||     8
       Fireball          |       |       |       |    22 |    53 ||    75
       Iskenderun's Myst |       |       |       |     1 |     8 ||     9
       Airstrike         |       |       |       |       |    14 ||    14
       Orb of Destructio |       |       |       |       |    40 ||    40
       Summon Guardian G |       |       |       |       |     3 ||     3
       Spellforged Servi |       |       |       |       |    13 ||    13
       Dispersal         |       |       |       |       |     1 ||     1
       Ignition          |       |       |       |       |     1 ||     1
Invok: Channel Magic     |       |       |       |       |     1 ||     1
Evoke: Wand              |       |       |     3 |       |       ||     3
       Phial of floods   |       |       |       |       |     1 ||     1
  Use: Potion            |       |     2 |     1 |       |    10 ||    13
       Scroll            |       |       |       |     8 |     4 ||    12
 Stab: Sleeping          |     4 |     3 |     4 |       |       ||    11
       Confused          |       |     1 |     6 |     5 |       ||    12
       Paralysed         |       |       |     1 |       |       ||     1
Armor: Skin              |       |       |       |       |     2 ||     2
Dodge: Dodged            |     4 |     2 |    12 |    23 |    51 ||    92
Block: Other             |       |       |       |       |     2 ||     2

Table legend: (Time is in decaauts) A = Elapsed time spent in this place. B = Non-inter-level travel time spent in this place. C = Inter-level travel time spent in this place. D = Time resting spent in this place. E = Time spent auto-exploring this place. F = Levels seen in this place. G = Mean time per level. A B C D E F G +--------+--------+--------+--------+--------+-----+--------+ Total | 10287 | 10287 | 0 | 6888 | 33 | 1 | 10287.0 | Dungeon | 10287 | 10287 | 0 | 6888 | 33 | 1 | 10287.0 | +--------+--------+--------+--------+--------+-----+--------+

Top non-repeatable levels by time:
       D: 10287 daAuts
